 Dungeon Crawl Stone Soup version 0.32-a0-35-gd9ff480 (webtiles) character file.

Game seed: 16219112069082909704

133 Dorkslayer the Ruffian (level 5, -2/33 HPs)
             Began as an Octopode Shapeshifter on Jan 21, 2024.
             Slain by a hound zombie (4 damage)
             ... in an ossuary.
             The game lasted 00:03:23 (1416 turns).

Dorkslayer the Ruffian (Octopode Shapeshifter)      Turns: 1416, Time: 00:03:24

Health: -2/33      AC:  1    Str: 15    XL:     5   Next: 16%
Magic:  5/5        EV: 13    Int: 13    God:
Gold:   46         SH:  0    Dex: 17    Spells: 4/4 levels left

rFire   + . .        l - +2 mace
rCold   + . .        (no shield)
rNeg    . . .        (helmet currently unavailable)
rPois   +            (no amulet)
rElec   +            k - +6 ring of dexterity
rCorr   +            (no ring)
SInv    .            (no ring)
Will    .....        (no ring)
Stlth   +++          (no ring)
HPRegen 0.25/turn    (no ring)
MPRegen 0.09/turn    (no ring)
                     (no ring)

%: no passive effects
@: beast-form, resistant
A: beast (slay +2), almost no armour, amphibious, 8 rings, camouflage 1,
gelatinous body 1, (nimble swimmer 1), tentacles
a: Begin Untransformation


You were in an ossuary.
You were a hulking beast.
You visited 1 branch of the dungeon, and saw 3 of its levels.
You also visited: Ossuary.

You collected 46 gold pieces.

Inventory:

Hand Weapons
 l - a +2 mace (weapon)
Jewellery
 k - a +6 ring of dexterity (left tentacle)
Talismans
 b - a beast talisman
 c - a flux talisman
Scrolls
 e - 2 scrolls of blinking
Potions
 a - a potion of lignification
 f - a potion of brilliance
 i - a potion of degeneration {unknown}
 j - a potion of ambrosia {unknown}


   Skills:
 + Level 1.1 Fighting
 * Level 0.4 Maces & Flails
 + Level 2.2 Dodging
 + Level 2.2 Stealth
 * Level 4.7 Unarmed Combat
 + Level 3.5 Shapeshifting


You had 4 spell levels left.
You didn't know any spells.
Your spell library was empty.

Dungeon Overview and Level Annotations

Branches:
Dungeon (2/15)            Ossuary (1/1)

Altars:


Innate Abilities, Weirdness & Mutations

You are a hulking beast.
Your limbs bulge with bestial killing power. (Slay +2)
You cannot wear most types of armour.
You are amphibious.
You can wear up to eight rings at the same time.
Your skin changes colour to match your surroundings (Stealth+).
Your rubbery body absorbs attacks. (AC +1, EV +1)
((You are camouflaged when in or above water. (Stealth+)))
You have tentacles for arms and can constrict up to eight enemies at once.


Message History

* * * LOW HITPOINT WARNING * * *
The human zombie attacks as it pursues you!
The human zombie hits you.
* * * LOW HITPOINT WARNING * * *
Okay, then.
As you read the scroll of teleportation, it crumbles to dust.
You feel strangely unstable.
The human zombie attacks as it pursues you!
The human zombie closely misses you.
The gnoll zombie attacks as it pursues you!
The gnoll zombie barely misses you.
Okay, then.
You barely miss the human zombie. You grab the human zombie.
The human zombie is moderately damaged.
You constrict the human zombie. The human zombie hits you!
* * * LOW HITPOINT WARNING * * *
You release your grip on the human zombie.
Your surroundings suddenly seem different.
Blink to where?
Press: ? - help, Dir - move target An orc zombie comes into view.
As you read the scroll labelled XOCKOAC KYIFE, it crumbles to dust.
It was a scroll of blinking.
As you read the scroll of enchant weapon, it crumbles to dust.
Your +0 mace glows red for a moment.
As you read the scroll of enchant weapon, it crumbles to dust.
Your +1 mace glows red for a moment.
It was a potion of resistance.
You feel protected.
Okay, then.
You thump the hound zombie! Your grab misses the hound zombie.
Your squeeze misses the hound zombie.
The hound zombie is moderately damaged.
The hound zombie bites you.
* * * LOW HITPOINT WARNING * * *
You completely miss the hound zombie. You grab the hound zombie.
The hound zombie is moderately damaged.
You constrict the hound zombie. The hound zombie barely misses you.
The hound zombie bites you.
You die...

#..#++#...#++#..# +
#..#..#.Z.#..#..#..
...................
...................
#.....#####..Z..##
...8..# #..8...+
......# #......+
#.....# .#....Z####..#
..............Z.h.....#
.#####.....#####......#
. ..8.. #.....^# .....
#......# ..... .......#
.#...# .####..# . ..#
Z. .#


You could see a hound zombie, 2 orc zombies and a human zombie.

Vanquished Creatures
  Jessica (D:2)
  2 hound zombies (Ossuary)
  3 adders (D:2)
  2 ribbon worms
  3 orcs (D:4)
  2 bats (D:1)
  2 endoplasms (D:1)
  A giant cockroach (D:2)
  2 goblins (D:1)
  3 hobgoblins (D:1)
  3 jackals (D:1)
  A kobold (D:1)
  11 ball pythons
  10 frilled lizards (D:1)
  An orc zombie (Ossuary)
  A rat (D:1)
48 creatures vanquished.

Notes
Turn   | Place    | Note
-------+----------+-------------------------------------------
     0 | D:1      | Dorkslayer the Octopode Shapeshifter began the quest for
                  | the Orb.
     0 | D:1      | Reached XP level 1. HP: 13/13 MP: 1/1
    95 | D:1      | Reached XP level 2. HP: 14/18 MP: 2/2
   754 | D:1      | Reached XP level 3. HP: 23/23 MP: 3/3
   900 | D:2      | Reached skill level 1 in Stealth
   994 | D:2      | Noticed Jessica
   998 | D:2      | Killed Jessica
   999 | D:2      | Reached skill level 4 in Unarmed Combat
   999 | D:2      | Reached XP level 4. HP: 20/28 MP: 4/4
  1276 | D:2      | You fall into a shaft and drop 2 floors!
  1288 | D:4      | Found a sand-covered staircase.
  1328 | Ossuary  | Entered an ossuary
  1328 | Ossuary  | Noticed a weeping skull
  1328 | Ossuary  | Noticed a weeping skull
  1328 | Ossuary  | Noticed a weeping skull
  1388 | Ossuary  | Reached XP level 5. HP: 19/33 MP: 5/5
  1404 | Ossuary  | HP: 1/33 [human zombie (8)]
  1415 | Ossuary  | HP: 1/33 [hound zombie (3)]
  1416 | Ossuary  | Slain by a hound zombie

Illustrated notes

Levels and vault maps discovered:
D:1:      minmay_arrival_plants_in_alcoves, layout_basic, minmay_lizard_king
D:2:      layout_basic, chequers_ecumenical_altar_simple, serial_forest,
          infiniplex_forest_corner_2, infiniplex_forest_end_3,
          infiniplex_forest_lined_ring, infiniplex_forest_end_2,
          infiniplex_forest_lined_corner, infiniplex_forest_clump_double,
          minmay_snake_closets, uniq_jessica
D:4:      minmay_chambers_of_fours, layout_loops_corners,
          minmay_temple_entry_tees, nicolae_ossuary_entry_monument,
          serial_shops, shop, uniq_ijyb
Ossuary:  ossuary_kennysheep_city_of_the_dead

Skill      XL: |  1  2  3  4 |
---------------+-------------+-----
Stealth        | 1 2 |  2.2
Unarmed Combat | 4 |  4.7
Fighting       | |  1.1
Maces & Flails | |  0.4
Dodging        | |  2.2
Shapeshifting  | |  3.5

Action                     |  1- 3 |  4- 6 || total
---------------------------+-------+-------++-------
  Melee: Unarmed           |    62 |    19 ||    81
         Tentacles         |     8 |     7 ||    15
         Constrict         |    14 |     9 ||    23
         Punch             |     2 |       ||     2
         Mace              |       |    16 ||    16
    Use: Scroll            |     5 |     6 ||    11
         Potion            |       |     2 ||     2
   Stab: Sleeping          |     5 |     5 ||    10
 Armour: Skin              |    19 |    30 ||    49
  Dodge: Dodged            |    37 |    25 ||    62

Table legend: (Time is in decaauts)
 A = Elapsed time spent in this place.
 B = Non-inter-level travel time spent in this place.
 C = Inter-level travel time spent in this place.
 D = Time resting spent in this place.
 E = Time spent auto-exploring this place.
 F = Levels seen in this place.
 G = Mean time per level.
                   A        B        C        D        E       F      G
               +--------+--------+--------+--------+--------+-----+--------+
         Total |   1414 |   1414 |      0 |     34 |    917 |   4 |  353.5 |
       Dungeon |   1322 |   1322 |      0 |      0 |    917 |   3 |  440.7 |
       Ossuary |     92 |     92 |      0 |     34 |      0 |   1 |   92.0 |
               +--------+--------+--------+--------+--------+-----+--------+

Top non-repeatable levels by time:
     D:1: 819 daAuts
     D:2: 452 daAuts
 Ossuary: 92 daAuts
     D:4: 50 daAuts
